 Dungeon Crawl Stone Soup version 0.30-a0-860-g512cf1e979 (webtiles) character file.

Game seed: 14266929494462178985

32 lunkers the Cudgeller (level 3, 0/29 HPs)
             Began as a Meteoran Warper on Mar 7, 2023.
             Was a Follower of Nemelex Xobeh.
             Succumbed to an adder's poison
             ... on level 2 of the Dungeon.
             The game lasted 00:02:40 (687 turns).

lunkers the Cudgeller (Meteoran Warper)              Turns: 687, Time: 00:02:40

Health: 0/29       AC:  4    Str: 14    XL:     3   Next: 64%
Magic:  17/17      EV: 12    Int: 15    God:    Nemelex Xobeh [*.....]
Gold:   21         SH:  0    Dex: 13    Spells: 2/7 levels left

rFire   . . .      SeeInvis .    a - +0 mace
rCold   . . .      Faith    .    (no shield)
rNeg    . . .      Spirit   .    b - +0 leather armour
rPois   .          Reflect  .    (no helmet)
rElec   .          Rampage  .    (no cloak)
rCorr   .                        (no gloves)
Will    .....                    g - +0 pair of boots
Stlth   +                        (no amulet)
HPRegen 0.24/turn                j - ring of magical power
MPRegen 0.15/turn                (no ring)

@: lethally poisoned (0 -> -1), glowing
A: sense surroundings 1, otherworldly, glowing, explore regen
a: Renounce Religion, Draw Escape, Draw Destruction, Draw Summoning


You were on level 2 of the Dungeon.
You worshipped Nemelex Xobeh.
Nemelex Xobeh was aware of your devotion.
You visited 1 branch of the dungeon, and saw 2 of its levels.

You collected 21 gold pieces.

Inventory:

Hand Weapons
 a - a +0 mace (weapon)
Missiles
 d - 7 boomerangs of dispersal
Armour
 b - a +0 leather armour (worn)
 g - a +0 pair of boots (worn)
Jewellery
 j - a ring of magical power (left hand)
Scrolls
 c - a scroll of blinking
 e - a scroll of acquirement {unknown}
 h - a scroll of identify {unknown}
 i - a scroll of vulnerability {unknown}
Potions
 f - 2 potions of invisibility {unknown}


   Skills:
 - Level 2.1 Fighting
 * Level 4.8 Maces & Flails
 - Level 1.2 Throwing
 - Level 1.2 Armour
 - Level 2.4 Dodging
 - Level 2.6 Spellcasting
 - Level 3.6 Translocations


You had 2 spell levels left.
You knew the following spells:

 Your Spells              Type           Power      Damage    Failure   Level
a - Blink                 Tloc           24%        N/A       9%          2
q - Teleport Other        Tloc           12%        N/A       17%         3

Your spell library contained the following spells:

 Spells                   Type           Power      Damage    Failure   Level
 Lesser Beckoning         Tloc           24%        N/A       9%          2
 Vhi's Electric Charge    Tloc/Air       14%        N/A       36%         3
 Manifold Assault         Tloc           12%        N/A       50%         4


Dungeon Overview and Level Annotations

Branches:
Dungeon (2/15) Zot: 494

Altars:
Nemelex Xobeh


Innate Abilities, Weirdness & Mutations

You passively map a small area around you.
You are easily found by Zot.
You glow in the dark.
You regain HP and MP as you explore.


Message History

The adder is moderately wounded.
You feel very sick. The adder bites you.
* * * LOW HITPOINT WARNING * * *
You are more poisoned.
The adder poisons you! The adder misses you.
Cast which spell? (? or * to list)
Okay, then.
You hit the adder.
The adder is severely wounded.
* * * LOW HITPOINT WARNING * * *
You feel very sick. The adder bites you but does no damage.
You miss the adder.
The adder is severely wounded.
* * * LOW HITPOINT WARNING * * *
You feel sick. The adder closely misses you. The adder bites you.
* * * LOW HITPOINT WARNING * * *
You miss the adder.
The adder is severely wounded.
* * * LOW HITPOINT WARNING * * *
You feel sick. The adder completely misses you.
Okay, then.
You closely miss the adder. Your punch misses the adder.
The adder is severely wounded.
* * * LOW HITPOINT WARNING * * *
You feel sick. The adder barely misses you.
The adder bites you but does no damage.
You miss the adder.
The adder is severely wounded.
* * * LOW HITPOINT WARNING * * *
You feel sick. The adder bites you but does no damage.
You closely miss the adder.
The adder is severely wounded.
* * * LOW HITPOINT WARNING * * *
You feel sick.
The adder bites you but does no damage. x2
You barely miss the adder.
The adder is severely wounded.
You die...
Your body glows slightly brighter and disappears.

*
########...#......
* *
#.........##......
, *
#.#######.##......
* * #.#
###'#####'## #[#
#....# #.## #.#
#....####... #.#
#....##.....
####.#
#....''.)...
#...@#
#....##.....
#...S#
#....##.....
#...(#
#....##..... *
#....#
#######..... *
#....# #.....
#....# #.....
####.# ###### #.#
*


You could see an adder.

Vanquished Creatures
  An adder (D:2)
  A worm (D:2)
  An endoplasm (D:1)
  A giant cockroach (D:2)
  2 goblins (D:1)
  A hobgoblin (D:2)
  4 jackals (D:1)
  A kobold (D:1)
  A quokka (D:2)
  A ball python (D:1)
  A bat (D:1)
  4 rats
19 creatures vanquished.

Notes
Turn   | Place    | Note
-------+----------+-------------------------------------------
     0 | D:1      | lunkers the Meteoran Warper began the quest for the Orb.
     0 | D:1      | Reached XP level 1. HP: 17/17 MP: 5/5
    18 | D:1      | Reached skill level 3 in Maces & Flails
   104 | D:1      | Found a faded altar of an unknown god.
   113 | D:1      | Reached XP level 2. HP: 17/24 MP: 6/6
   142 | D:1      | Prayed at the altar of an unknown god.
   142 | D:1      | Became a worshipper of Nemelex Xobeh the Trickster
   142 | D:1      | Reached * piety under Nemelex Xobeh
   212 | D:1      | Reached skill level 4 in Maces & Flails
   488 | D:1      | Glimpsed the power of Zot.
   541 | D:2      | Reached XP level 3. HP: 13/29 MP: 8/8
   586 | D:1      | Learned a level 2 spell: Blink
   591 | D:1      | Learned a level 3 spell: Teleport Other
   686 | D:2      | HP: 1/29 [poisoned by an adder]
   687 | D:2      | Succumbed to an adder's poison

Illustrated notes

Levels and vault maps discovered:
D:1:      minmay_arrival_stair_chambers, layout_loops_corners,
          hellmonk_ecumenical_altar_dog_temple
D:2:      layout_basic, kennysheep_decorative_pillar

Skill      XL: |  1  2 |
---------------+-------+-----
Maces & Flails | 3 4 |  4.8
Fighting       | |  2.1
Throwing       | |  1.2
Armour         | |  1.2
Dodging        | |  2.4
Spellcasting   | |  2.6
Translocations | |  3.6

Action                     || total
---------------------------++-------
  Melee: Mace              ||    92
 Armour: Leather armour    ||    35
  Dodge: Dodged            ||    56

Table legend: (Time is in decaauts)
 A = Elapsed time spent in this place.
 B = Non-inter-level travel time spent in this place.
 C = Inter-level travel time spent in this place.
 D = Time resting spent in this place.
 E = Time spent auto-exploring this place.
 F = Levels seen in this place.
 G = Mean time per level.
                   A        B        C        D        E       F      G
               +--------+--------+--------+--------+--------+-----+--------+
         Total |    705 |    681 |     24 |      0 |    441 |   2 |  352.5 |
       Dungeon |    705 |    681 |     24 |      0 |    441 |   2 |  352.5 |
               +--------+--------+--------+--------+--------+-----+--------+

Top non-repeatable levels by time:
     D:1: 545 daAuts
     D:2: 160 daAuts
